 Dungeon Crawl Stone Soup version 0.27.0-1-g7a089689b8 (webtiles) character file.

Game seed: 10510219833147878974

2020 MajorAdolf the Unseen (level 9, -2/79 HPs)
             Began as a Naga Wanderer on Aug 10, 2021.
             Slain by Harold (8 damage)
             ... on level 7 of the Dungeon.
             The game lasted 00:15:06 (6821 turns).

MajorAdolf the Unseen (Naga Wanderer)               Turns: 6821, Time: 00:15:07

Health: -2/79      AC:  5    Str: 16 (17) XL:     9   Next: 23%
Magic:  9/9        EV:  9    Int: 21 (22) God:
Gold:   266        SH:  0    Dex:  8      Spells: 8/8 levels left

rFire    + . .     SeeInvis +   j - +3 short sword (venom)
rCold    . . .     Faith    .   (no shield)
rNeg     . . .     Spirit   .   e - +1 robe
rPois    +         Reflect  .   (no helmet)
rElec    .         Harm     .   (no cloak)
rCorr    .         Rampage  .   (no gloves)
Will     ++...                  (no barding)
Stlth    ++++++....             w - amulet of regeneration
HPRegen  1.23/turn              q - +6 ring of intelligence
MPRegen  0.11/turn              v - ring of protection from fire

@: short of breath, marked, very slow
A: AC +3, large, see invisible, deformed body, poison resistance, slowness 2,
spit poison 2, naga tail 1, deterioration 1, strong-willed 1
a: Breathe Poison Gas


You were on level 7 of the Dungeon.
You visited 1 branch of the dungeon, and saw 7 of its levels.
You also visited: Ossuary.

You collected 266 gold pieces.

Inventory:

Hand Weapons
 a - a +2 falchion
 b - a +0 shortbow
 g - a +0 hunting sling
 j - a +3 short sword of venom (weapon)
 o - a +0 broad axe
 D - a +0 whip of holy wrath
Missiles
 c - 67 arrows
 F - a throwing net
Armour
 e - a +1 robe (worn)
 i - a +0 chain mail
Jewellery
 m - a +6 ring of strength
 q - a +6 ring of intelligence (left hand)
 v - a ring of protection from fire (right hand)
 w - an amulet of regeneration (around neck)
Wands
 y - a wand of flame (19)
Scrolls
 d - 3 scrolls of teleportation
 k - 2 scrolls of immolation
 u - 2 scrolls of vulnerability {unknown}
 z - 4 scrolls of amnesia
 A - a scroll of torment {unknown}
 B - a scroll of fear {unknown}
 E - a scroll of magic mapping {unknown}
 G - 3 scrolls of blinking {unknown}
 I - a scroll of noise {unknown}
Potions
 f - a potion of flight {unknown}
 h - 2 potions of cancellation
 p - 4 potions of brilliance
 r - a potion of attraction {unknown}
 s - 3 potions of curing
 t - 5 potions of ambrosia
 x - a potion of mutation
 C - a potion of lignification {unknown}
 H - a potion of haste {unknown}
 J - a potion of berserk rage {unknown}


   Skills:
 - Level 4.5 Fighting
 - Level 2.0 Long Blades
 - Level 1.0 Maces & Flails
 - Level 1.0 Throwing
 - Level 1.0 Armour
 + Level 16.6 Stealth


You had 8 spell levels left.
You didn't know any spells.
Your spell library contained the following spells:

 Spells                   Type           Power      Damage    Failure   Level
 Sandblast                Erth           0%         2d4       19%         1
 Corpse Rot               Necr/Air       N/A        N/A       26%         2
 Passwall                 Tmut/Erth      0%         N/A       26%         2
 Poisonous Vapours        Pois/Air       0%         N/A       26%         2
 Portal Projectile        Hex/Tloc       0%         N/A       47%         3
 Blade Hands              Tmut           0%         N/A       99%         5
 Excruciating Wounds      Necr           0%         N/A       99%         5
 Freezing Cloud           Conj/Ice/Air   0%         6-21      99%         5
 Lee's Rapid Deconstruct  Erth           0%         3d5*      99%         5


Dungeon Overview and Level Annotations

Branches:
Dungeon (7/15)             Temple (0/1) D:6         Ossuary (visited)

Altars:
Dithmenos
Fedhas
Qazlal

Annotations:
D:2 Sigmund
D:5 exclusion: ogre, Menkaure
D:6 exclusion: 2 wights
D:7 Harold


Innate Abilities, Weirdness & Mutations

Your serpentine skin is tough. (AC +3)
You have supernaturally acute eyesight. (SInv)
Armour fits poorly on your strangely shaped body.
Your system is resistant to poisons. (rPois)
You cover ground very slowly.
You can exhale a cloud of poison.
You have a snake-like lower body.
Your body sometimes deteriorates upon taking damage.
You are strong-willed. (Will+)


Message History

Harold hits you with a +2 battleaxe of flaming!!
Your body deteriorates!
You feel weakened. Harold burns you.
You feel much better. Harold casts a spell at you.
You barely resist.
Unknown command.
You completely miss Harold.
Harold is moderately wounded.
Harold hits you with a +2 battleaxe of flaming!!
Harold burns you.
You hit Harold.
Harold looks as sick as possible!
Harold is moderately wounded.
Harold barely misses you.
Unknown command.
You hit Harold but do no damage.
Harold looks as sick as possible!
Harold is moderately wounded.
Harold barely misses you.
You hit Harold but do no damage.
Harold looks as sick as possible!
Harold is heavily wounded.
Harold hits you with a +2 battleaxe of flaming!!
Harold burns you.
Unknown command.
You hit Harold.
Harold looks as sick as possible!
Harold is heavily wounded.
Harold hits you with a +2 battleaxe of flaming!!
* * * LOW HITPOINT WARNING * * *
Your body deteriorates!
You feel dopey. Harold burns you.
* * * LOW HITPOINT WARNING * * *
Unknown command.
Unknown command.
Press: ? - help, Shift-Dir - straight line, f - Harold
Aim: Harold, wielding a +2 battleaxe of flaming, wearing a +0 ring mail and quivering a throwing net (heavily wounded, extremely poisoned)
You exhale a blast of poison gas.
The poison gas hits Harold!
Harold looks as sick as possible!
Harold is heavily wounded.
Harold is engulfed in poison gas.
Harold looks as sick as possible!
Harold hits you with a +2 battleaxe of flaming!
You die...

...#.#.#.#.#.#.#[#
#......))........##
#.#.#.#.#.#.#.#.#.#
#.................##
.#.#.#.#.#.#.#.#.#.#
...................##
#.#.#.#.#.#.#.#.#.#.####
.......................#
.#.#.#.#.#.#.#.#@#.#..##
.................@...<.#
#.#.#[#.#.#.#.#.#.#.#.##
....................# #
.#.#.#.#.#.#:#.#.#..
#.............$ ###
#.#.#.#.#.#.#.#
##..............
##.#.#.#.#.#.# #.


You could see Harold (extremely poisoned).

Vanquished Creatures
  A wyvern (D:6)
  2 ice beasts (D:5)
  A black bear (D:4)
  An ogre (D:6)
  2 bullfrogs
  2 elf skeletons (D:4)
  An elf zombie (D:4)
  A water moccasin skeleton (D:5)
  A water moccasin zombie (Ossuary)
  A wyvern skeleton (D:7)
  4 killer bees (D:7)
  2 wights (D:6)
  2 jellies
  2 bullfrog skeletons
  A centaur skeleton (D:6)
  A human skeleton (D:4)
  4 orc priests
  A hound (D:6)
  3 iguanas
  A scorpion zombie (D:5)
  5 orc wizards
  A killer bee zombie (D:7)
  2 mummies (Ossuary)
  3 gnolls (D:4)
  2 adders
  A shadow imp (D:5)
  5 adder zombies (Ossuary)
  2 worms (D:2)
  4 dart slugs
  13 orcs
  6 ball pythons
  11 endoplasms
  2 giant cockroaches (D:3)
  3 gnoll zombies (Ossuary)
  9 goblins
  8 hobgoblins
  4 jackals (D:2)
  6 kobolds
  2 quokkas
  4 bats
  3 frilled lizards
  8 hobgoblin zombies (Ossuary)
  4 kobold zombies (Ossuary)
  9 orc zombies
  10 rats
161 creatures vanquished.

Vanquished Creatures (others)
  3 plants (D:2)
3 creatures vanquished.

Grand Total: 164 creatures vanquished

Notes
Turn   | Place    | Note
-------+----------+-------------------------------------------
     0 | D:1      | MajorAdolf the Naga Wanderer began the quest for the Orb.
     0 | D:1      | MajorAdolf set off with the following items: a +2 falchion,
                  | a +0 shortbow, 29 arrows, a scroll of teleportation, a +0
                  | robe
     0 | D:1      | Reached XP level 1. HP: 22/22 MP: 1/1
   470 | D:2      | Reached XP level 2. HP: 31/31 MP: 2/2
   656 | D:1      | Reached skill level 2 in Stealth
   887 | D:1      | Reached skill level 3 in Stealth
   887 | D:1      | Reached XP level 3. HP: 37/37 MP: 3/3
  1416 | D:2      | Reached skill level 4 in Stealth
  1628 | D:2      | Noticed Sigmund
  1875 | D:2      | Reached XP level 4. HP: 45/45 MP: 4/4
  2128 | D:2      | Reached skill level 5 in Stealth
  3124 | D:3      | Found a faded altar of an unknown god.
  3319 | D:3      | Reached skill level 6 in Stealth
  3468 | D:4      | Reached XP level 5. HP: 38/51 MP: 5/5
  3593 | D:4      | Reached skill level 7 in Stealth
  3621 | D:4      | You fall into a shaft and drop 2 floors!
  3652 | D:5      | Entered Level 5 of the Dungeon
  3681 | D:5      | Noticed a necrophage
  3698 | D:5      | Noticed an ogre
  3709 | D:5      | Noticed an ice beast
  3715 | D:5      | Killed an ice beast
  3716 | D:5      | Reached skill level 9 in Stealth
  3716 | D:5      | Reached XP level 6. HP: 31/58 MP: 6/6
  3721 | D:4      | Noticed a black bear
  3729 | D:4      | Killed a black bear
  3736 | D:4      | Reached skill level 10 in Stealth
  3801 | D:4      | Reached XP level 7. HP: 60/66 MP: 7/7
  3805 | D:4      | Found a sand-covered staircase.
  3810 | Ossuary  | Entered an ossuary
  3955 | Ossuary  | Reached skill level 11 in Stealth
  4166 | D:4      | Reached skill level 12 in Stealth
  4471 | D:4      | Found a stormy altar of Qazlal.
  4471 | D:4      | Found a shadowy altar of Dithmenos.
  4799 | D:5      | Reached XP level 8. HP: 60/73 MP: 8/8
  4933 | D:5      | Reached skill level 13 in Stealth
  4937 | D:5      | Noticed Menkaure
  5002 | D:6      | Gained mutation: You are strong-willed. (Will+) [potion of
                  | mutation]
  5002 | D:6      | Gained mutation: Your body sometimes deteriorates upon
                  | taking damage. [potion of mutation]
  5002 | D:6      | Gained mutation: You can exhale a cloud of poison. [potion
                  | of mutation]
  5174 | D:6      | Noticed a wyvern
  5181 | D:6      | Killed a wyvern
  5182 | D:6      | Reached skill level 14 in Stealth
  5373 | D:6      | Reached skill level 15 in Stealth
  5382 | D:6      | Found a staircase to the Ecumenical Temple.
  6051 | D:7      | Noticed Harold
  6075 | D:7      | Found a blossoming altar of Fedhas.
  6181 | D:7      | Reached XP level 9. HP: 64/77 MP: 9/9
  6191 | D:7      | Reached skill level 16 in Stealth
  6821 | D:7      | Slain by Harold

Illustrated notes

Levels and vault maps discovered:
D:1:      heliophobic_arrival_ceremonial_halls, layout_basic,
          minmay_pentomino_u4
D:2:      layout_basic, serial_forest, infiniplex_forest_side_room,
          infiniplex_forest_end_double, infiniplex_forest_lined_3,
          infiniplex_forest_pool, infiniplex_forest_straight_1, uniq_sigmund
D:3:      layout_rooms, hellmonk_ecumenical_altar_arch_garden,
          minmay_misc_feat_enclosed, minmay_distorted
D:4:      layout_cave_pools, gammafunk_temple_overflow_wave,
          nicolae_ossuary_entry_catacombs
D:5:      layout_basic, chequers_mini_garden, uniq_menkaure
D:6:      layout_cave_pools, minmay_temple_entry_waves
D:7:      layout_basic, fedhas_altar_3, kennysheep_cluttered_room, hex_large,
          uniq_harold

Skill      XL: |  1  2  3  4  5  6  7  8  9 |
---------------+----------------------------+-----
Stealth        | 3 4 6 9 10 12 15 16 | 16.6
Fighting       | |  4.5
Long Blades    | |  2.0
Maces & Flails | |  1.0
Throwing       | |  1.0
Armour         | |  1.0

Action                   |  1- 3 |  4- 6 |  7- 9 || total
-------------------------+-------+-------+-------++-------
Melee: Falchion          |     6 |       |       ||     6
       Short sword       |    65 |    96 |   310 ||   471
 Abil: Spit Poison       |    16 |    11 |     1 ||    28
       Breathe Poison Ga |       |       |     8 ||     8
  Use: Scroll            |       |     8 |    11 ||    19
       Potion            |       |     1 |     6 ||     7
 Stab: Sleeping          |     1 |     6 |    17 ||    24
Armor: Robe              |    10 |    17 |    73 ||   100
Dodge: Dodged            |    26 |    39 |   146 ||   211
       Rpst.: Falchion   |     1 |       |       ||     1
